 Dungeon Crawl Stone Soup version 0.30-a0-799-g109b55a442 (webtiles) character file.

Game seed: 5490722780999750575

30288 Smoke131 the Arsonist (level 13, -2/113 HPs)
             Began as a Yellow Draconian Fire Elementalist on Feb 20, 2023.
             Was an Elder of Vehumet.
             Slain by a death yak (10 damage)
             ... on level 5 of the Lair of Beasts.
             The game lasted 01:06:45 (20762 turns).

Smoke131 the Arsonist (DrFE)                       Turns: 20762, Time: 01:06:46

Health: -2/113     AC: 11    Str: 13    XL:     13   Next: 19%
Magic:  35/35      EV: 15    Int: 19    God:    Vehumet [****..]
Gold:   1025       SH:  0    Dex: 11    Spells: 8/30 levels left

rFire   . . .      SeeInvis .    m - +2 falchion (venom)
rCold   . . .      Faith    .    (no shield)
rNeg    . . .      Spirit   .    (body armour unavailable)
rPois   +          Reflect  .    (helmet restricted)
rElec   .          Harm     .    (no cloak)
rCorr   +          Rampage  .    g - +2 pair of gloves
Will    .....                    (no boots)
Stlth   ++                       x - amulet of magic regeneration
HPRegen 0.38/turn                y - ring of magical power
MPRegen 0.64/turn                p - ring of poison resistance

@: no status effects
A: spit acid, AC +8, unfitting armour, cold-blooded, acid resistance
a: Breathe Acid, Renounce Religion


You were on level 5 of the Lair of Beasts.
You worshipped Vehumet.
Vehumet was greatly pleased with you.
You visited 3 branches of the dungeon, and saw 17 of its levels.

You collected 1025 gold pieces.

Inventory:

Hand Weapons
 m - a +2 falchion of venom (weapon)
Armour
 g - a +2 pair of gloves (worn)
Jewellery
 p - a ring of poison resistance (right hand)
 x - an amulet of magic regeneration (around neck)
 y - a ring of magical power (left hand)
Wands
 a - a wand of light (9)
 r - a wand of flame (36)
 v - a wand of digging (15)
 E - a wand of roots (1)
Scrolls
 c - 2 scrolls of torment
 f - 5 scrolls of fog
 h - 2 scrolls of butterflies
 i - 2 scrolls of immolation
 j - 3 scrolls of brand weapon
 l - a scroll of magic mapping
 w - a scroll of enchant weapon
 A - a scroll of vulnerability
 D - 3 scrolls of identify
Potions
 b - 2 potions of attraction
 d - 4 potions of invisibility
 e - 5 potions of flight
 k - 3 potions of brilliance
 n - 3 potions of resistance
 o - 5 potions of curing
 q - 2 potions of lignification
 s - 2 potions of mutation
 u - 2 potions of haste
 z - a potion of magic
 B - 2 potions of might
 G - a potion of heal wounds
Miscellaneous
 F - a lightning rod (4/4)


   Skills:
 - Level 10.0 Fighting
 + Level 9.7 Dodging
 - Level 1.7 Stealth
 + Level 9.3 Spellcasting
 + Level 10.4 Conjurations
 + Level 10.8 Fire Magic
 - Level 3.4 Ice Magic
 - Level 3.3 Earth Magic


You had 8 spell levels left.
You knew the following spells:

 Your Spells              Type           Power      Damage    Failure   Level
a - Foxfire               Conj/Fire      100%       2x1d9     1%          1
b - Scorch                Fire           100%       2d10      1%          2
c - Kindle Blastsparks    Fire/Tloc/Air  44%        2d13      1%          3
d - Flame Wave            Conj/Fire      49%        2d12      1%          4
e - Sticky Flame          Conj/Fire      49%        2d7       1%          4
f - Ignite Poison         Fire/Tmut/Pois 22%        N/A       1%          3
m - Dazzling Flash        Conj/Hex       56%        N/A       1%          3
y - Sandblast             Erth           42%        2d11      1%          1
z - Freeze                Ice            84%        1d9       1%          1

Your spell library contained the following spells:

 Spells                   Type           Power      Damage    Failure   Level
 Kiss of Death            Conj/Necr      100%       2d13      1%          1
 Inner Flame              Hex/Fire       29%        N/A       1%          3
 Confusing Touch          Hex            8%         N/A       24%         3
 Petrify                  Tmut/Erth      15%        N/A       36%         4
 Anguish                  Hex/Necr       4%         N/A       61%         4
 Cause Fear               Hex            4%         N/A       61%         4
 Dispel Undead            Necr           8%         3d8       61%         4
 Metabolic Englaciation   Hex/Ice        7%         N/A       73%         5
 Statue Form              Tmut/Erth      10%        N/A       99%         6
 Enfeeble                 Hex            4%         N/A       100%        7
 Discord                  Hex            4%         N/A       100%        8


Dungeon Overview and Level Annotations

Branches:
Dungeon (11/15)            Temple (1/1) D:4            Lair (5/5) D:11
  Swamp (0/4) Lair:3       Spider (0/4) Lair:2        Slime (0/5) Lair:4
    Orc: D:9-12

Altars:
Ashenzari
Cheibriados
Dithmenos
Elyvilon
Fedhas
Gozag
Hepliaklqana
Kikubaaqudgha
Makhleb
Nemelex Xobeh
Okawaru
Qazlal
Ru
Trog
Uskayaw
Vehumet
Wu Jian
Xom
Yredelemnul
Zin
The Shining One

Shops:
D:1 [

Annotations:
D:1 2 transporters
D:10 1 runed translucent door, exclusion: obsidian statue
Temple 2 transporters
Lair:3 2 transporters


Innate Abilities, Weirdness & Mutations

You can spit globs of acid.
Your golden yellow scales are hard. (AC +8)
You cannot fit into any form of body armour.
You are cold-blooded and may be slowed by cold attacks.
You are resistant to acid. (rCorr)


Message History

* * * LOW HITPOINT WARNING * * *
Casting: Scorch (safe; 1% risk of failure)
Confirm with . or Enter, or press ? or * to list all spells.
Flames lash the yak.
The yak is burned terribly!
You kill the yak!
Vehumet accepts your kill.
You feel your power returning.
You start resting.
Magic restored.
You start resting.
A wolf is nearby!
The wolf howls!
You hear an angry hiss.
A wolf is nearby!
Casting: Scorch (safe; 1% risk of failure)
Confirm with . or Enter, or press ? or * to list all spells.
You conjure some foxfire!
The wolf misses you. The wolf bites you!
* * * LOW HITPOINT WARNING * * *
Casting: Foxfire (safe; 1% risk of failure)
Confirm with . or Enter, or press ? or * to list all spells.
You don't know that spell.
You miss the wolf.
The wolf is severely wounded.
The foxfire hits the wolf!
You kill the wolf!
Vehumet accepts your kill.
You start resting.
Your foxfire dissipates!
You start resting.
A rime drake comes into view.
The death yak bellows! x2; The rime drake hisses angrily.
The rime drake breathes ice at you. The icy flash freeze hits you!!
* * * LOW HITPOINT WARNING * * *
You are encased in ice.
You see here a wolf corpse.
The death yak bellows!
The ice encasing you melts away.
The death yak snorts and paws the ground.
The death yak gores you!
You die...

... ##.####..#.# ..#
#...#.....##... #..#
#$.....<..P.... ##...
#.†.†.......... # ##...
#...##..P...... #.P###...
#......#........ #P.....##
###..............
#...†..###.#P...P.........
#......8.†...@...#.....P.#..
...8.......kY...........h...
......8...Y..........
.8..........Y........
........8Y...........
.....................
.......Y.............
...................
.[.....l.......


You could see 5 death yaks and a rime drake.

Vanquished Creatures
  Snorg (Lair:4)
  4 hydras
  A two-headed ogre (D:9)
  A boulder beetle (D:11)
  A skyshark (Lair:3)
  Pikel (D:5)
  13 elephants
  3 black mambas
  A gargoyle (D:10)
  6 cane toads
  3 rime drakes
  7 komodo dragons
  A tyrant leech (Lair:3)
  2 polar bears
  Prince Ribbit (D:9)
  A hornet (D:9)
  7 dream sheep (Lair:4)
  4 blink frogs (Lair:2)
  Sigmund (D:3)
  2 wyverns
  27 yaks
  2 steam dragons
  2 basilisks
  4 redbacks (Lair:2)
  5 swamp worms (Lair:3)
  2 acid dragons
  13 water moccasins
  2 orc warriors
  A black bear (D:4)
  5 ice beasts
  An ogre (D:5)
  3 centaurs
  14 wolves
  4 lemures (D:5)
  A phantom (D:5)
  5 bullfrogs
  3 necrophages
  6 scorpions
  5 wights (D:8)
  3 killer bees (D:9)
  6 hounds
  3 orc priests
  A gnoll bouda (D:8)
  8 jellies
  5 iguanas
  10 orc wizards
  Terence (D:3)
  10 gnolls
  9 adders
  A shadow imp (D:7)
  2 dart slugs
  A worm (D:2)
  40 orcs
  6 ball pythons (D:2)
  4 endoplasms
  3 giant cockroaches
  4 goblins
  7 hobgoblins
  2 kobolds
  2 quokkas
  6 bats
  4 frilled lizards
  6 rats
  A bush (Lair:2)
311 creatures vanquished.

Vanquished Creatures (collateral kills)
  A foxfire (Lair:2)
1 creature vanquished.

Vanquished Creatures (others)
  356 foxfires
  51 fungi
  54 plants
461 creatures vanquished.

Grand Total: 773 creatures vanquished

Notes
Turn   | Place    | Note
-------+----------+-------------------------------------------
     0 | D:1      | Smoke131 the Draconian Fire Elementalist began the quest
                  | for the Orb.
     0 | D:1      | Reached XP level 1. HP: 14/14 MP: 3/3
   170 | D:1      | Found Neruurchi's Antique Armour Emporium.
   204 | D:1      | Reached XP level 2. HP: 22/22 MP: 5/5
   506 | D:1      | Reached skill level 1 in Fighting
   777 | D:2      | Learned a level 2 spell: Scorch
   951 | D:2      | Reached XP level 3. HP: 22/28 MP: 1/6
  1102 | D:2      | Found a faded altar of an unknown god.
  1873 | D:3      | Reached XP level 4. HP: 35/35 MP: 7/7
  1990 | D:3      | Found a bloodstained altar of Trog.
  2550 | D:3      | Noticed Terence
  2577 | D:3      | Killed Terence
  2678 | D:3      | Noticed Sigmund
  2996 | D:3      | Reached XP level 5. HP: 17/41 MP: 9/9
  3236 | D:3      | Killed Sigmund
  3237 | D:3      | Reached XP level 6. HP: 48/50 MP: 3/10
  3282 | D:4      | Learned a level 3 spell: Kindle Blastsparks
  3592 | D:4      | Found a staircase to the Ecumenical Temple.
  3648 | Temple   | Entered the Ecumenical Temple
  3648 | Temple   | Found a transporter.
  3648 | Temple   | Found a transporter.
  3650 | Temple   | Found a transporter.
  3650 | Temple   | Found a transporter.
  3665 | Temple   | Became a worshipper of Vehumet
  3965 | D:5      | Entered Level 5 of the Dungeon
  4112 | D:5      | Noticed a water moccasin
  4250 | D:5      | Noticed a water moccasin
  4262 | D:5      | Killed a water moccasin
  4263 | D:5      | Your scales start taking on a golden yellow colour.
  4263 | D:5      | Reached XP level 7. HP: 57/57 MP: 3/12
  4263 | D:5      | Gained mutation: You are resistant to acid. (rCorr) [Yellow
                  | Draconian growth]
  4517 | D:5      | Learned a level 4 spell: Flame Wave
  4863 | D:5      | Reached skill level 5 in Fire Magic
  4993 | D:5      | Reached XP level 8. HP: 64/67 MP: 9/14
  5186 | D:5      | Found a hazy altar of Hepliaklqana.
  5647 | D:6      | Reached skill level 5 in Fighting
  5698 | D:5      | Reached * piety under Vehumet
  5698 | D:5      | Offered knowledge of Freeze by Vehumet.
  5862 | D:5      | Reached skill level 5 in Conjurations
  6087 | D:6      | Reached skill level 5 in Dodging
  6087 | D:6      | Reached skill level 5 in Spellcasting
  6203 | D:6      | Learned a level 1 spell: Freeze
  6228 | D:6      | Reached XP level 9. HP: 63/74 MP: 9/16
  6313 | D:6      | Noticed Pikel
  6373 | D:5      | Killed Pikel
  6374 | D:5      | Reached skill level 1 in Ice Magic
  8072 | D:7      | Offered knowledge of Sandblast by Vehumet.
  8072 | D:7      | Reached ** piety under Vehumet
  8083 | D:7      | Learned a level 1 spell: Sandblast
  8514 | D:8      | Reached skill level 1 in Earth Magic
  9375 | D:9      | Offered knowledge of Ignite Poison by Vehumet.
  9464 | D:9      | Reached XP level 10. HP: 82/84 MP: 12/18
  9519 | D:9      | Paralysed by a hornet for 2 turns
  9818 | D:9      | Identified the +1 robe "Iczeff" {rF- rCorr Dex+4}
  9976 | D:9      | Noticed a two-headed ogre
  9981 | D:9      | Killed a two-headed ogre
 10059 | D:9      | Noticed Prince Ribbit
 10067 | D:9      | Killed Prince Ribbit
 10257 | D:10     | Entered Level 10 of the Dungeon
 10320 | D:10     | Found a shimmering altar of Xom.
 10333 | D:10     | Noticed an obsidian statue
 10342 | D:10     | Reached *** piety under Vehumet
 10728 | D:10     | Found a runed translucent door.
 10882 | D:10     | Noticed a gargoyle
 10891 | D:10     | Killed a gargoyle
 11158 | D:10     | Found a shimmering altar of Xom.
 11159 | D:10     | Found a shimmering altar of Xom.
 11159 | D:10     | Found a shimmering altar of Xom.
 11159 | D:10     | Found a shimmering altar of Xom.
 11160 | D:10     | Found a shimmering altar of Xom.
 11161 | D:10     | Found a shimmering altar of Xom.
 11252 | D:10     | Reached XP level 11. HP: 59/94 MP: 8/20
 11987 | D:10     | a faun changed into a sea snake
 11987 | D:10     | Noticed a sea snake (shapeshifter)
 11990 | D:10     | a sea snake changed into a glowing orange brain
 11990 | D:10     | Noticed a glowing orange brain (shapeshifter)
 12736 | D:11     | Found a staircase to the Lair.
 12744 | D:11     | Learned a level 3 spell: Ignite Poison
 13168 | Lair:1   | Entered Level 1 of the Lair of Beasts
 13372 | D:11     | Noticed a boulder beetle
 13391 | D:11     | Killed a boulder beetle
 14548 | Lair:2   | Found a hole to the Spider Nest.
 15399 | Lair:2   | Offered knowledge of Dazzling Flash by Vehumet.
 15443 | Lair:2   | Learned a level 3 spell: Dazzling Flash
 16535 | Lair:2   | Reached XP level 12. HP: 38/105 MP: 12/23
 17177 | Lair:3   | Noticed a seven-headed hydra
 17184 | Lair:3   | Killed a seven-headed hydra
 17296 | Lair:3   | Found a transporter.
 17471 | Lair:3   | Noticed a four-headed hydra
 17483 | Lair:3   | HP: 4/106 [four-headed hydra (10)]
 17485 | Lair:3   | Killed a four-headed hydra
 17486 | Lair:3   | Reached skill level 10 in Fighting
 18181 | Lair:3   | Reached skill level 10 in Fire Magic
 18321 | Lair:3   | Found a transporter.
 18411 | Lair:3   | Noticed a four-headed hydra
 18421 | Lair:3   | Killed a four-headed hydra
 18473 | Lair:3   | Found a staircase to the Swamp.
 18703 | Lair:4   | Reached **** piety under Vehumet
 18712 | Lair:4   | Offered knowledge of Sticky Flame by Vehumet.
 18756 | Lair:4   | Learned a level 4 spell: Sticky Flame
 18897 | Lair:4   | Found a staircase to the Slime Pits.
 18957 | Lair:4   | Noticed Snorg
 18969 | Lair:4   | Killed Snorg
 18970 | Lair:4   | Reached skill level 10 in Conjurations
 19331 | Lair:4   | Noticed a four-headed hydra
 19336 | Lair:4   | Killed a four-headed hydra
 19672 | Lair:5   | Entered Level 5 of the Lair of Beasts
 19966 | Lair:4   | Reached XP level 13. HP: 100/113 MP: 26/26
 20762 | Lair:5   | Slain by a death yak

Illustrated notes

Levels and vault maps discovered:
D:1:      spicycebolla_arrival_transporter_tutorial, layout_loops_ring,
          serial_shops, nicolae_diamond_shop
D:2:      layout_loops_corners, shapermc_ecumenical_altar_notcrosses,
          minmay_pentomino_z4
D:3:      layout_loops_corners, mainiacjoe_overflow_alcove_1, uniq_terence,
          uniq_sigmund
D:4:      layout_gridville, minmay_temple_entry_ruins
D:5:      layout_basic, mainiacjoe_overflow_24_doors, dreamdust_gnoll_farm
D:6:      layout_basic, uniq_pikel
D:7:      layout_gridville
D:8:      layout_gridville
D:9:      layout_roguey, uniq_prince_ribbit1
D:10:     gammafunk_indiana_jones, layout_irregular_city, xom_shifter_show,
          chequers_mini_garden, minmay_statue_bubble
D:11:     layout_basic, hellmonk_lair_entry_icy
Temple:   hellmonk_temple_divided_pantheon
Lair:1:   layout_gridlike
Lair:2:   layout_roguey, spider_nest_entry_webs
Lair:3:   gammafunk_cloud_chamber, layout_long_grid, palyth_hydra_swamp_entry,
          fungi_pond_lemuel, cheibrodos_lair_reptile_den, grunt_megastairs_2
Lair:4:   layout_roguey, slime_entry_1, nicolae_lair_grove_arrangements,
          chequers_serial_rivers_room_b, uniq_snorg
Lair:5:   evilmike_catoblepas_cave, layout_layer_cave, basic_altar,
          portal_ice_cave_entry_imps, gammafunk_ghost_icy, lemuel_fruit_fields

Skill      XL: |  1  2  3  4  5  6  7  8  9 10 11 12 |
---------------+-------------------------------------+-----
Dodging        | 2 3 4 5 6 8 9 |  9.7
Fighting       | 1 2 3 4 5 6 8 9 10 | 10.0
Conjurations   | 2 3 4 5 6 7 8 10 | 10.4
Spellcasting   | 3 4 5 6 7 9 |  9.3
Fire Magic     | 4 5 6 7 8 9 10 | 10.8
Ice Magic      | 3 |  3.4
Earth Magic    | 1 3 |  3.3
Stealth        | |  1.7

Action                     |  1- 3 |  4- 6 |  7- 9 | 10-12 | 13-15 || total
---------------------------+-------+-------+-------+-------+-------++-------
  Melee: Dagger            |   141 |       |       |       |       ||   141
         Tailslap          |    20 |     8 |    14 |    12 |       ||    54
         Punch             |     2 |       |     1 |     1 |       ||     4
         Falchion          |     2 |    60 |    98 |    43 |     1 ||   204
   Cast: Foxfire           |    12 |    39 |    75 |    78 |     4 ||   208
         Scorch            |       |     9 |   106 |   308 |    19 ||   442
         Flame Wave        |       |       |     7 |    24 |     6 ||    37
         Dazzling Flash    |       |       |       |     6 |       ||     6
         Ignite Poison     |       |       |       |     1 |       ||     1
         Kindle Blastspark |       |       |       |     1 |       ||     1
         Sticky Flame      |       |       |       |    15 |     6 ||    21
Ability: Breathe Acid      |       |       |     2 |     3 |       ||     5
  Evoke: Wand              |       |       |       |     4 |       ||     4
         Lightning rod     |       |       |       |     1 |       ||     1
    Use: Scroll            |       |    14 |     3 |    18 |     2 ||    37
         Potion            |       |       |     1 |     7 |       ||     8
   Stab: Sleeping          |     7 |     1 |     1 |       |       ||     9
         Distracted        |       |       |     1 |       |       ||     1
 Armour: Skin              |    59 |    26 |    91 |   131 |    17 ||   324
  Dodge: Dodged            |   117 |    70 |   176 |   292 |    53 ||   708

Table legend: (Time is in decaauts)
 A = Elapsed time spent in this place.
 B = Non-inter-level travel time spent in this place.
 C = Inter-level travel time spent in this place.
 D = Time resting spent in this place.
 E = Time spent auto-exploring this place.
 F = Levels seen in this place.
 G = Mean time per level.
                   A        B        C        D        E       F      G
               +--------+--------+--------+--------+--------+-----+--------+
         Total |  20845 |  19928 |    917 |   5954 |   9316 |  17 | 1226.2 |
       Dungeon |  13676 |  13216 |    460 |   3131 |   7472 |  11 | 1243.3 |
        Temple |     32 |     32 |      0 |      0 |      0 |   1 |   32.0 |
          Lair |   7136 |   6679 |    457 |   2823 |   1844 |   5 | 1427.2 |
               +--------+--------+--------+--------+--------+-----+--------+

Top non-repeatable levels by time:
  Lair:2: 2461 daAuts
     D:5: 2217 daAuts
  Lair:4: 2042 daAuts
  Lair:3: 1745 daAuts
    D:10: 1660 daAuts
    D:11: 1516 daAuts
     D:3: 1375 daAuts
     D:7: 1203 daAuts
     D:2: 1174 daAuts
     D:9: 1106 daAuts
     D:8: 1057 daAuts
     D:6: 872 daAuts
  Lair:1: 798 daAuts
     D:1: 747 daAuts
     D:4: 746 daAuts
